 Dungeon Crawl Stone Soup version 0.30.1-9-gdf580d7c3d (webtiles) character file.

Game seed: 12434752864503837326

365 lonewolfV2 the Chopper (level 7, -2/53 (54) HPs)
             Began as a Formicid Fighter on Sept 28, 2023.
             Slain by Crazy Yiuf
             ... wielding a +4 quarterstaff of chaos
              (3 damage)
             ... on level 3 of the Dungeon.
             The game lasted 00:02:53 (1901 turns).

lonewolfV2 the Chopper (Formicid Fighter)           Turns: 1901, Time: 00:02:54

HP:   -2/53 (54)    AC:  7    Str: 20    XL:     7   Next: 0%
MP:   7/7           EV: 10    Int:  8    God:
Gold: 186           SH:  5    Dex: 15    Spells: 6/6 levels left

rFire   . . .        a - +0 war axe (flame)
rCold   . . .        c - +0 buckler
rNeg    . . .        b - +0 scale mail
rPois   .            (helmet unavailable)
rElec   .            (no cloak)
rCorr   .            (no gloves)
SInv    +            (no boots)
Will    .....        (no amulet) Stlth
                     (no ring)
HPRegen 0.28/turn    (no ring)
MPRegen 0.10/turn

%: no passive effects
@: mighty, lethally poisoned (-2 -> -14), lightly drained
A: permanent stasis, dig shafts and tunnels, antennae 3, four strong arms
a: Dig, Shaft Self


You were on level 3 of the Dungeon.
You visited 1 branch of the dungeon, and saw 3 of its levels.

You collected 186 gold pieces.

Inventory:

Hand Weapons
 a - a +0 war axe of flaming (weapon)
Armour
 b - a +0 scale mail (worn)
 c - a +0 buckler (worn)
Jewellery
 i - a +6 ring of dexterity
Scrolls
 e - 2 scrolls of blinking
 f - a scroll of teleportation
 h - 3 scrolls of enchant armour
 k - a scroll of amnesia {unknown}
Potions
 g - a potion of curing
 j - a potion of berserk rage {unknown}
 l - a potion of mutation {unknown}
 m - a potion of degeneration {unknown}


   Skills:
 + Level 4.1 Fighting
 + Level 4.9 Axes
 + Level 4.8 Armour
 + Level 1.3 Dodging
 + Level 0.1 Stealth
 + Level 4.7 Shields


You had 6 spell levels left.
You didn't know any spells.
Your spell library contained the following spells:

 Spells                   Type           Power      Damage    Failure   Level
 Beastly Appendage        Tmut           0%         N/A       82%         1
 Slow                     Hex            0%         N/A       82%         1
 Wereblood                Tmut           0%         N/A       91%         2
 Confusing Touch          Hex            0%         N/A       99%         3
 Spider Form              Tmut/Pois      0%         N/A       99%         3
 Vampiric Draining        Necr           0%         2d6       99%         3


Dungeon Overview and Level Annotations

Branches:
Dungeon (3/15)

Altars:

Annotations:
D:3 Crazy Yiuf


Innate Abilities, Weirdness & Mutations

You cannot be hasted, slowed, berserked, paralysed or teleported.
You can dig through walls and to a lower floor.
You have a pair of large antennae on your head. (SInv)
Your four strong arms can wield two-handed weapons with a shield.


Message History

You closely miss Natasha.
Natasha is moderately wounded.
Natasha claws you.
You hit Natasha. You burn Natasha.
Natasha is severely wounded.
Natasha claws you but does no damage.
You hit Natasha. You burn Natasha.
You kill Natasha!
You feel Natasha's spirit has finally been put to rest.
You have reached level 7!
You sense a monster nearby.
m - a grey potion You see here the felid corpse of Natasha.
There is a stone staircase leading up here.
You now have 186 gold pieces (gained 12).
Found a hammer.
Found a runed translucent door.
You sense a monster nearby.
Crazy Yiuf cries, "You leg down broken song, no?"
You feel very mighty all of a sudden.
You open the door. You barely miss Crazy Yiuf.
Crazy Yiuf hits you with a +4 quarterstaff of chaos!
Crazy Yiuf freezes you. You block Crazy Yiuf's attack.
You barely miss Crazy Yiuf.
Crazy Yiuf hits you with a +4 quarterstaff of chaos!
Crazy Yiuf freezes you.
You barely miss Crazy Yiuf.
Crazy Yiuf hits you with a +4 quarterstaff of chaos.
* * * LOW HITPOINT WARNING * * *
You feel drained.
* * * LOW HITPOINT WARNING * * *
You closely miss Crazy Yiuf.
Crazy Yiuf hits you with a +4 quarterstaff of chaos.
* * * LOW HITPOINT WARNING * * *
You are lethally poisoned!
Crazy Yiuf grits, "Dawk song hog!"
Crazy Yiuf hits you with a +4 quarterstaff of chaos!
* * * LOW HITPOINT WARNING * * *
Crazy Yiuf freezes you.
You die...

. #.........# #
#.........#
####...†.....#
#.....<.######
#'###...#
........#######
............#.### ###
.............#..##...#
............####@g...#
......#....## ###..)#
......###### ###
......# ####### ######
{ ########## #....#
### #........# #....#
..# #.######.####..##


You could see Crazy Yiuf.

Vanquished Creatures
  Grinder (D:3)
  Natasha (thrice) (D:3)
  3 adders
  3 worms
  2 dart slugs (D:2)
  4 ball pythons
  5 endoplasms
  5 giant cockroaches
  5 goblins
  7 hobgoblins
  2 quokkas
  5 bats
  3 frilled lizards
  3 kobolds (D:1)
  10 rats
61 creatures vanquished.

Notes
Turn   | Place    | Note
-------+----------+-------------------------------------------
     0 | D:1      | lonewolfV2 the Formicid Fighter began the quest for the
                  | Orb.
     0 | D:1      | Reached XP level 1. HP: 18/18 MP: 1/1
    88 | D:1      | Reached XP level 2. HP: 24/24 MP: 2/2
   225 | D:1      | Reached XP level 3. HP: 29/29 MP: 3/3
   946 | D:2      | Reached XP level 4. HP: 36/37 MP: 4/4
  1369 | D:3      | Noticed Natasha
  1376 | D:3      | Killed Natasha
  1377 | D:3      | Reached XP level 5. HP: 37/42 MP: 5/5
  1482 | D:3      | Noticed Natasha
  1488 | D:3      | Killed Natasha
  1664 | D:3      | Noticed Grinder
  1676 | D:3      | Killed Grinder
  1677 | D:3      | Reached skill level 1 in Dodging
  1677 | D:3      | Reached XP level 6. HP: 16/48 MP: 6/6
  1851 | D:3      | Noticed Natasha
  1867 | D:3      | Killed Natasha
  1868 | D:3      | Reached XP level 7. HP: 52/54 MP: 7/7
  1892 | D:3      | Found a runed translucent door.
  1893 | D:3      | Noticed Crazy Yiuf
  1901 | D:3      | HP: 1/53 [Crazy Yiuf/+4 quarterstaff of chaos (7)]
  1901 | D:3      | Slain by Crazy Yiuf

Illustrated notes

Levels and vault maps discovered:
D:1:      dpeg_arrival_tiny_k, layout_loops_ring
D:2:      layout_basic
D:3:      layout_basic, pf_guarded_unrand_meek, uniq_grinder,
          uniq_crazy_yiuf_cottage, uniq_natasha

Skill      XL: |  1  2  3  4  5 |
---------------+----------------+-----
Axes           | 3 4 |  4.9
Armour         | 4 |  4.8
Fighting       | 4 |  4.1
Dodging        | 1 |  1.3
Stealth        | |  0.1
Shields        | |  4.7

Action                     |  1- 3 |  4- 6 |  7- 9 || total
---------------------------+-------+-------+-------++-------
  Melee: War axe           |   110 |    64 |     4 ||   178
    Use: Scroll            |     4 |     4 |       ||     8
         Potion            |       |     1 |     1 ||     2
 Armour: Scale mail        |    59 |    21 |       ||    80
  Dodge: Dodged            |    52 |    22 |       ||    74
  Block: Buckler           |    37 |    15 |     1 ||    53
